Unix NetHack Version 3.7.0-88 Work-in-progress - last build Aug 21 2023 04:08:40 (b68ccb3e4f8f5dcb83e1e40b1ff56e7dffd4cd28,branch:master). Game began 2023-08-25 22:09:38, ended 2023-08-26 08:15:41. Arasaka, neutral female human Monk ..| --- --... ...------ ... ........)^...... ....------- ---...........<... -%.))@u..-----........(.%...?.. --%-----...1....|.......*..)... --*.| -----------..........*.. --.| 2 |....?....... -----....... ---- Arasaka the Student of Stones St:18/06 Dx:15 Co:17 In:10 Wi:13 Ch:10 Neutral Dlvl:13 $:736 HP:0(65) Pw:58(58) AC:8 Xp:10/8343 T:8830 Burdened Latest messages: B - a clear potion. E - a scroll labeled XIXAXA XOXAXA XUXAXA. F - a scroll labeled TEMOV. y - a scroll labeled TEMOV. U - 6 tripe rations. c - 4 lumps of royal jelly. A - 6 food rations. f - 3 uncursed food rations. $ - 736 gold pieces. There are many more objects here. What do you want to invoke? [*] Never mind. g - 5 uncursed apples. You have a little trouble lifting a tin. Continue? [ynq] (q) What do you want to drop? [$cfgijnsyABE-GIJLMQS-UY or ?*] For some reason, you cannot drop the stone! What do you want to dip? [cfgijnsyABE-GIJLMQS-UY or ?*] What do you want to dip a cursed gray stone into? [BGIMS or ?*] Interesting... You have a little trouble lifting an effervescent potion. Continue? [ynq] (q) You have a little trouble lifting G - an effervescent potion (2 in total). You see here a gecko corpse. Your movements are slowed slightly because of your load. It is missed. The arrow hits the gnome! The gnome is killed! It is missed. An arrow misses you. It is missed. An arrow misses you. It is missed. You are hit by an arrow. It is missed. You are hit by an arrow. You see a lamp called oil flicker considerably. It is hit. The white unicorn butts! The white unicorn kicks! The white unicorn butts! The white unicorn kicks! You hit the white unicorn! You hit the white unicorn! The white unicorn butts! The white unicorn kicks! The white unicorn butts! The white unicorn kicks! The white unicorn butts! The white unicorn kicks! The white unicorn butts! You die... Inventory: Coins ('$') $ - 736 gold pieces Amulets ('"') s - an uncursed amulet of reflection (being worn) Comestibles ('%') g - 5 uncursed apples f - 3 uncursed food rations A - 6 uncursed food rations c - 4 uncursed lumps of royal jelly U - 6 uncursed tripe rations Scrolls ('?') E - an uncursed scroll of gold detection F - a blessed scroll of light y - an uncursed scroll of light Potions ('!') G - 2 uncursed potions of booze S - an uncursed potion of levitation M - an uncursed potion of monster detection I - an uncursed potion of oil B - an uncursed potion of water Rings ('=') i - a cursed ring of fire resistance Wands ('/') L - an uncursed wand of digging (0:7) J - an uncursed wand of magic missile (0:4) j - an uncursed wand of sleep (0:6) Q - an uncursed wand of sleep (0:6) T - an uncursed wand of speed monster (0:5) Y - an uncursed wand of speed monster (0:2) Gems/Stones ('*') n - a cursed loadstone Arasaka the Monk's attributes: Background: You were a Student of Stones, a level 10 female human Monk. You were neutral, on a mission for Chih Sung-tzu who was opposed by Shan Lai Ching (lawful) and Huan Ti (chaotic). You were in the Gnomish Mines, on level 13. You entered the dungeon 8830 turns ago. You had 8343 experience points, 1657 more were needed to attain level 11. Basics: You had 0 out of 65 hit points. You had all 58 energy points (spell power). Your armor class was 8. Your wallet contained 736 zorkmids. Autopickup was on for '$"?' plus thrown, with exceptions. Final Characteristics: Your strength was 18/06 (limit:18/100). Your dexterity was 15 (limit:18). Your constitution was 17 (limit:18). Your intelligence was 10 (limit:18). Your wisdom was 13 (limit:18). Your charisma was 10 (limit:18). Final Status: You were not hungry. You were burdened; movement was slightly slowed. You were bare handed. You had master skill with martial arts. You were not wearing any armor. Final Attributes: You were piously aligned. You were sleep resistant. You were poison resistant. You saw invisible. You were telepathic. You were warned. You had automatic searching. You were stealthy. You had a small defense bonus (+2). You were warded. You were fast. You had reflection. You are dead. Miscellaneous: You disabled loading of bones levels. Total elapsed playing time was 1 hour, 8 minutes and 43 seconds. Major events: Turn 1: Arasaka the neutral female human Monk entered the dungeon 751: attained the rank of Novice (level 3) 1021: entered the Gnomish Mines 2077: attained the rank of Initiate (level 6) 2089: reached Mine Town 3897: entered the Bigroom 3923: entered Sokoban 4130: completed 1st Sokoban level 4691: completed 2nd Sokoban level 5097: completed 3rd Sokoban level 5920: completed 4th Sokoban level 6050: acquired the Sokoban amulet of reflection 6458: attained the rank of Student of Stones (level 10) 8830: killed by a white unicorn Vanquished creatures: a trapper a queen bee 2 giant mimics a zruty an ogre tyrant a wumpus a stalker a giant zombie a warg 4 small mimics 3 trolls 2 gelatinous cubes a pyrolisk 2 flaming spheres a tiger a dwarf ruler 3 tengu an ochre jelly 4 leocrottas an energy vortex 2 mountain centaurs 2 human mummies a pit viper a Grey-elf a soldier 3 giant beetles 2 quivering blobs a cockatrice 3 gremlins a leprechaun 2 iron piercers 6 giant spiders a vampire bat 3 gnome rulers 2 orc mummies a brown pudding a rust monster 2 owlbears a yeti a gold golem 2 werewolves 4 Green-elves 2 lizards a jaguar a dwarf leader a white unicorn a dust vortex 3 ravens a gnome mummy 4 human zombies a rope golem 6 Woodland-elves 3 bugbears 4 imps a quasit a wood nymph 2 mountain nymphs a Mordor orc 10 Uruk-hai an orc shaman a rock piercer 4 rock moles a fog cloud a yellow light a violet fungus 13 gnome leaders 4 gnomish wizards a kobold mummy a gray ooze a giant ant a little dog a floating eye 2 kittens 23 dwarves 2 homunculi a kobold leader a hill orc 3 rothes a rabid rat a centipede 2 giant bats a monkey an orc zombie a wererat a werejackal 5 iguanas 17 killer bees 2 gas spores 10 hobbits 10 manes 3 large kobolds 3 hobgoblins 3 giant rats a cave spider a yellow mold 55 gnomes a garter snake 2 gnome zombies 10 geckos 11 jackals a fox 4 goblins 10 grid bugs 4 lichens a kobold zombie 5 newts 349 creatures vanquished. No species were genocided or became extinct. Voluntary challenges: You read items or engraved 18 times. You engraved Elbereth 2 times. You never genocided any monsters. You never polymorphed an object. You used no wishes. You did not violate any of the special Sokoban rules. Achievements: You attained the rank of Novice. You entered a shop. You entered the Gnomish Mines. You attained the rank of Initiate. You entered Minetown. You entered a temple. You entered the Big Room. You entered Sokoban. You completed Sokoban. You attained the rank of Student of Stones. The Dungeons of Doom: levels 1 to 14 Level 1: Some fountains. Level 2: Some fountains. Level 3: A fountain. Level 4: "BOOKS" A bookstore, a fountain, some sinks. Stairs down to The Gnomish Mines. Level 5: "v" A grave. Level 6: Level 7: Level 8: Many fountains. Level 9: "s" Stairs up to Sokoban, level 8. Level 10: "cockatrice" A very big room. Level 11: A fountain. Level 12: A fountain. Level 13: A grave. Level 14: The Gnomish Mines: levels 5 to 13 Level 5: Level 6: Level 7: Level 8: Many shops, a temple, some fountains. Level 9: Level 10: Level 11: Level 12: Level 13: <- You were here. Final resting place for you, killed by a white unicorn. Sokoban: levels 8 up to 5 Level 5: Solved. Level 6: Solved. Level 7: Solved. Level 8: Solved. Game over: ---------- / \ / REST \ / IN \ / PEACE \ / \ | Arasaka | | 736 Au | | killed by a | | white unicorn | | | | | | 2023 | *| * * * | * _________)/\\_//(\/(/\)/\//\/|_)_______ Goodbye Arasaka the Monk... You died in The Gnomish Mines on dungeon level 13 with 34725 points, and 736 pieces of gold, after 8830 moves. You were level 10 with a maximum of 65 hit points when you died.